AoeStats
← sueyroagustin

Pilgrims

508292634Analyzed
3v3 RM · 11d ago on Sep 21, 2026· 46m 14s· 6 players
Game mode
Random Map
Map size
Normal (6 player)
Population
200
Speed
Normal
Resources
Standard
Victory
Conquest
Starting age
Dark Age
Ending age
Imperial Age
RankedLock teamsTeams togetherTeam positionsShared explorationLock speedFull tech treeHidden civsTurbo modeCheats
Victory
Defeat
🇹🇷 Georgians · Türkiye
977
+12
🇩🇪 Armenians · Germany
912
+14
🇦🇷 Malians · Argentina
881
+40
🇨🇱 Vietnamese · Chile
951
-17
🇨🇱 Mongols · Chile
859
-13
🇨🇱 Dravidians · Chile
827
-12
Witch_King_13
7:15 Loom
10:45 Feudal Age
11:09 Man-at-Arms
11:36 Arson
12:44 Long Swordsman
24:50 Castle Age
23:58 Wheelbarrow
22:50 Pikeman
25:34 Halberdier
28:08 Squires
27:56 Gambesons
28:25 Double-Bit Axe
28:41 Gold Mining
28:50 Two-Handed Swordsman
34:29 Champion
40:08 Wheelbarrow
43:37 Imperial Age
42:16 Ballistics
41:53 Murder Holes
42:15 Padded Archer Armor
43:20 Bow Saw
43:02 Stone Mining
43:29 Scale Mail Armor
43:59 Forging
44:40 Fletching
45:51 Bodkin Arrow
46:02 Elite Composite Bowman
47:05 Conscription
sueyroagustin
19:51 Feudal Age
20:19 Man-at-Arms
32:34 Arson
33:02 Gold Mining
38:23 Castle Age
37:07 Wheelbarrow
38:27 Pikeman
39:12 Squires
38:34 Elite Skirmisher
45:41 Medium Warships
44:54 Demolition Ship
SexyDaddy
10:42 Loom
15:01 Feudal Age
15:39 Double-Bit Axe
15:39 Fishing Lines
22:21 Wheelbarrow
24:55 Castle Age
24:57 Town Watch
28:17 Bow Saw
28:01 Gillnets
28:34 Gold Mining
29:35 Medium Warships
31:04 Husbandry
32:55 Bloodlines
33:46 Stone Mining
34:14 Scale Barding Armor
34:21 Forging
35:56 Stone Shaft Mining
38:13 Chain Barding Armor
46:02 Imperial Age
43:48 Hand Cart
46:12 Elite Monaspa
47:13 Conscription
Savandija
23:44 Feudal Age
27:09 Double-Bit Axe
27:56 Fishing Lines
36:17 Castle Age
38:42 Ballistics
38:31 Gillnets
41:58 Thumb Ring
41:14 Elite Skirmisher
42:54 Bow Saw
45:38 Imperial Age
tbriceno1jin
7:46 Loom
13:32 Feudal Age
13:53 Horse Collar
15:33 Double-Bit Axe
16:35 Fletching
16:46 Padded Archer Armor
29:04 Castle Age
29:10 Crossbowman
29:56 Thumb Ring
Sir Rorros Darle
5:02 Loom
13:01 Feudal Age
14:25 Double-Bit Axe
14:27 Fishing Lines
15:15 Man-at-Arms
15:53 Arson
20:07 Castle Age
21:49 Scale Barding Armor
21:55 Forging
21:53 Gillnets
23:10 Medium Warships
23:51 Wheelbarrow
22:59 Demolition Ship
23:52 Padded Archer Armor
24:00 Fletching
24:29 Bloodlines
24:44 Stone Mining
32:13 Ballistics
45:04 Leather Archer Armor
44:46 Bodkin Arrow
Connection lost

Rejoining the realm…

Still unreachable

The connection could not be restored.

Session expired

The server has moved on; the page needs a fresh start.